AoeStats
← miscussi

Black Forest

510420893Analyzed
2v2 RM · 2d ago on Sep 30, 2026· 26m 56s· 4 players
Game mode
Random Map
Map size
Medium (4 player)
Population
200
Speed
Normal
Resources
Standard
Victory
Conquest
Starting age
Dark Age
Ending age
Imperial Age
RankedLock teamsTeams togetherTeam positionsShared explorationLock speedFull tech treeHidden civsTurbo modeCheats
Victory
Defeat
🇨🇦 Jurchens · Canada
1194
+9
🇨🇦 Khmer · Canada
1192
+10
🇳🇴 Japanese · Norway
1090
-11
🇦🇷 Khmer · Argentina
999
-8
miscussi
2:23 Loom
12:48 Feudal Age
13:47 Double-Bit Axe
18:08 Castle Age
21:04 Bow Saw
22:08 Wheelbarrow
21:56 Horse Collar
23:57 Gold Mining
24:05 Stone Mining
24:22 Fishing Lines
24:54 Heavy Plow
25:18 Scale Barding Armor
25:41 Hand Cart
25:58 Forging
TheEskimoBrother
1:01 Loom
1:54 Loom
12:13 Feudal Age
13:10 Double-Bit Axe
15:55 Castle Age
15:22 Wheelbarrow
15:27 Horse Collar
17:07 Bow Saw
18:06 Hand Cart
18:34 Heavy Plow
23:10 Gold Mining
23:13 Stone Mining
Dom&Benito
1:51 Loom
12:07 Feudal Age
12:35 Horse Collar
12:42 Double-Bit Axe
16:42 Castle Age
18:30 Bow Saw
18:21 Heavy Plow
17:56 Crossbowman
20:00 Fletching
20:11 Padded Archer Armor
22:03 Leather Archer Armor
21:56 Bodkin Arrow
22:59 Wheelbarrow
24:42 Ballistics
Eljrufio Delarive
1:54 Loom
11:00 Feudal Age
11:34 Double-Bit Axe
15:37 Scale Barding Armor
15:43 Forging
18:25 Castle Age
17:04 Bloodlines
19:19 Husbandry
20:27 Wheelbarrow
20:05 Bow Saw
20:27 Chain Barding Armor
20:05 Horse Collar
26:13 Iron Casting
Connection lost

Rejoining the realm…

Still unreachable

The connection could not be restored.

Session expired

The server has moved on; the page needs a fresh start.